 Dungeon Crawl Stone Soup version 0.31-a0-1084-gb392501acf (webtiles) character file.

Game seed: 14266845055804240507

378 Gumption the Ruffian (level 6, -5/59 HPs)
             Began as a Troll Shapeshifter on Nov 28, 2023.
             Was a Believer of Fedhas.
             Slain by Duvessa
             ... wielding a +0 short sword
              (7 damage)
             ... on level 4 of the Dungeon.
             The game lasted 00:21:10 (2513 turns).

Gumption the Ruffian (Troll Shapeshifter)           Turns: 2513, Time: 00:21:10

Health: -5/59      AC:  4    Str: 23    XL:     6   Next: 45%
Magic:  5/5        EV:  9    Int: 12    God:    Fedhas [**....]
Gold:   114        SH:  0    Dex: 11    Spells: 5/5 levels left

rFire   . .          .
                       - Unarmed
rCold   . . .        (no shield)
rNeg    . . .        a - +0 animal skin
rPois   .            (helmet currently unavailable)
rElec   .            (cloak currently unavailable)
rCorr   .            (gloves unavailable)
SInv    .            (boots unavailable)
Will    .....        h - amulet of Zeice {RegenMP Rampage Int+6 Stlth+}
Stlth   ++           (no ring)
HPRegen 1.09/turn    (no ring)
MPRegen 0.49/turn

%: rampage
@: beast-form
A: beast (slay +2), large, unfitting armour, claws 3, regeneration 1, shaggy fur
1, tough skin 1
a: Begin Untransformation, Renounce Religion, Wall of Briars


You were on level 4 of the Dungeon.
You worshipped Fedhas.
Fedhas was pleased with you.
You were a hulking beast.
You visited 1 branch of the dungeon, and saw 4 of its levels.

You collected 114 gold pieces.

Inventory:

Missiles
 i - 3 javelins
 p - 2 boomerangs (quivered)
 q - 9 poisoned darts
Armour
 a - a +0 animal skin (worn)
Jewellery
 h - the amulet of Zeice (around neck) {RegenMP Rampage Int+6 Stlth+}
   (You found it on level 4 of the Dungeon)

   [amulet of magic regeneration]

   RegenMP:   It increases your rate of magic regeneration.
   Int+6:     It affects your intelligence (+6).
   Rampage:   It bestows one free step when moving towards enemies.
   Stlth+:    It makes you more stealthy.
Talismans
 c - a beast talisman
 d - a flux talisman
Wands
 m - a wand of flame (16)
Scrolls
 e - a scroll of immolation
Potions
 b - 2 potions of lignification
 f - 2 potions of curing
 g - a potion of heal wounds
 l - a potion of magic
 n - a potion of enlightenment
 r - a potion of haste
 s - a potion of invisibility


   Skills:
 + Level 2.4 Fighting
 - Level 1.5 Dodging
 * Level 5.2 Unarmed Combat
 * Level 4.8 Shapeshifting


You had 5 spell levels left.
You didn't know any spells.
Your spell library was empty.

Dungeon Overview and Level Annotations

Branches:
Dungeon (4/15)
 Temple: D:4-7

Altars:
Fedhas
Qazlal

Shops:
D:2 *

Annotations:
D:4 Dowan, Duvessa, Sigmund


Innate Abilities, Weirdness & Mutations

You are a hulking beast.
Your limbs bulge with bestial killing power. (Slay +2)
You are too large for most types of armour.
You have claws for hands.
Your natural rate of healing is unusually fast.
You are covered in fur. (AC +1)
You have tough skin. (AC +1)


Message History

Duvessa closely misses you.
You scratch Duvessa.
Duvessa is heavily wounded.
Duvessa hits you with a +0 short sword.
You claw Duvessa! x2
Duvessa is almost dead.
Duvessa hits you with a +0 short sword!
* * * LOW HITPOINT WARNING * * *
You scratch Duvessa but do no damage.
Duvessa is almost dead.
Duvessa hits you with a +0 short sword!
* * * LOW HITPOINT WARNING * * *
You scratch Duvessa but do no damage.
Duvessa is almost dead.
Dowan points at Duvessa and mumbles some strange words.
Duvessa seems to speed up.
You closely miss Duvessa.
Duvessa is almost dead.
Duvessa hits you with a +0 short sword.
* * * LOW HITPOINT WARNING * * *
Duvessa hits you with a +0 short sword.
* * * LOW HITPOINT WARNING * * *
You barely miss Duvessa.
Duvessa is almost dead.
Duvessa closely misses you.
You closely miss Duvessa.
Duvessa is almost dead.
Duvessa hits you with a +0 short sword!
* * * LOW HITPOINT WARNING * * *
Duvessa hits you with a +0 short sword.
* * * LOW HITPOINT WARNING * * *
You scratch Duvessa but do no damage.
Duvessa is almost dead.
Duvessa hits you with a +0 short sword.
* * * LOW HITPOINT WARNING * * *
You scratch Duvessa.
Duvessa is almost dead.
Duvessa hits you with a +0 short sword!
You die...
Fedhas appreciates your contribution to the ecosystem.

#.# #.# #. #.. .. ###
#. #e #. #. #.########
#.eeh....#
#####..#####.#######
#......# #.#.....#
###......#####.#.###.#
.........##......# #.#
##.......#.##.#.###.#
#............#.....#
##.#..########....##
#.#.# #..#.#


You could see Duvessa (fast) and Dowan.

Vanquished Creatures
  An ogre (D:4)
  A bullfrog (D:4)
  An iguana (D:4)
  An orc wizard (D:4)
  4 gnolls (D:3)
  7 adders
  A worm (D:3)
  A dart slug (D:1)
  6 orcs
  7 endoplasms
  2 giant cockroaches (D:1)
  4 goblins
  8 hobgoblins
  2 jackals (D:4)
  6 kobolds
  A quokka (D:3)
  5 ball pythons
  3 bats
  A frilled lizard (D:3)
  3 rats (D:2)
65 creatures vanquished.

Vanquished Creatures (others)
  A sleepcap (D:4)
  An orc (D:4)
2 creatures vanquished.

Grand Total: 67 creatures vanquished

Notes
Turn   | Place    | Note
-------+----------+-------------------------------------------
     0 | D:1      | Gumption the Troll Shapeshifter began the quest for the
                  | Orb.
     0 | D:1      | Reached XP level 1. HP: 18/18 MP: 0/0
   237 | D:1      | Reached skill level 1 in Fighting
   281 | D:1      | Found a faded altar of an unknown god.
   289 | D:1      | Prayed at the altar of an unknown god.
   289 | D:1      | Became a worshipper of Fedhas Madash
   289 | D:1      | Reached * piety under Fedhas
   367 | D:1      | Reached XP level 2. HP: 26/27 MP: 1/1
   798 | D:2      | Found Saorowez's Assorted Antiques.
   850 | D:2      | Reached XP level 3. HP: 19/33 MP: 2/2
  1055 | D:2      | Identified the +0 short sword of Jeczumn {freeze, rF+ rN+
                  | Will++ Dex-2}
  1219 | D:2      | Reached XP level 4. HP: 41/41 MP: 3/3
  1384 | D:3      | Reached ** piety under Fedhas
  1405 | D:3      | Reached skill level 4 in Unarmed Combat
  1635 | D:3      | Found a stormy altar of Qazlal.
  1658 | D:3      | Reached XP level 5. HP: 42/49 MP: 4/4
  2022 | D:4      | Noticed Sigmund
  2246 | D:4      | Noticed an ogre
  2252 | D:4      | Killed an ogre
  2253 | D:4      | Reached XP level 6. HP: 29/57 MP: 5/5
  2282 | D:4      | Identified the amulet of Zeice {RegenMP Rampage Int+6
                  | Stlth+}
  2359 | D:4      | Reached skill level 5 in Unarmed Combat
  2488 | D:4      | Noticed Dowan
  2488 | D:4      | Noticed Duvessa
  2512 | D:4      | HP: 1/59 [Duvessa/+0 short sword (5)]
  2513 | D:4      | Slain by Duvessa

Illustrated notes

Levels and vault maps discovered:
D:1:      grunt_arrival_lava_bath, layout_basic, serial_aquarium,
          aquarium_bridge_square [aquarium_subvault_bridge,
          aquarium_subvault_wall, aquarium_subvault_wall,
          aquarium_subvault_window], aquarium_window_1, aquarium_window_1,
          aquarium_window_1, aquarium_window_2, aquarium_view_2f,
          aquarium_pool_double, ebering_ecumenical_altar_abandoned,
          chequers_serial_rivers_micro_c
D:2:      layout_rooms, serial_shops, shop, serial_bayou, serial_bayou_crossing,
          serial_bayou_pond_a, serial_bayou_pond_b, serial_bayou_pond_e,
          serial_bayou_pond_d, minmay_tetromino_s2
D:3:      layout_rooms, mainiacjoe_overflow_small_starburst, dk_vineyard_2,
          grunt_ministairs_6
D:4:      kennysheep_big_flooded_room, layout_loops_corners, led_xom_imps,
          uniq_sigmund, uniq_pikel, uniq_duvessa

Skill      XL: |  1  2  3  4  5  6 |
---------------+-------------------+-----
Fighting       | 1 2 |  2.4
Unarmed Combat | 4 5 |  5.2
Shapeshifting  | 4 |  4.8
Dodging        | |  1.5

Action                     |  1- 3 |  4- 6 || total
---------------------------+-------+-------++-------
  Melee: Unarmed           |    57 |    89 ||   146
         Punch             |     3 |     5 ||     8
  Throw: Javelin           |       |     3 ||     3
         Boomerang         |       |     5 ||     5
  Evoke: Wand              |       |     1 ||     1
    Use: Scroll            |     5 |     6 ||    11
   Stab: Sleeping          |     1 |     1 ||     2
 Armour: Animal skin       |    25 |    55 ||    80
  Dodge: Dodged            |    14 |    28 ||    42

Table legend: (Time is in decaauts)
 A = Elapsed time spent in this place.
 B = Non-inter-level travel time spent in this place.
 C = Inter-level travel time spent in this place.
 D = Time resting spent in this place.
 E = Time spent auto-exploring this place.
 F = Levels seen in this place.
 G = Mean time per level.
                   A        B        C        D        E       F      G
               +--------+--------+--------+--------+--------+-----+--------+
         Total |   2512 |   2464 |     48 |    166 |   1020 |   4 |  628.0 |
       Dungeon |   2512 |   2464 |     48 |    166 |   1020 |   4 |  628.0 |
               +--------+--------+--------+--------+--------+-----+--------+

Top non-repeatable levels by time:
     D:1: 799 daAuts
     D:3: 695 daAuts
     D:2: 547 daAuts
     D:4: 470 daAuts
